 Dungeon Crawl Stone Soup version 0.26-a0-1129-gc5df7fbe6a (webtiles) character file.

Game seed: 3963573695206358115

494 Delamore the Cudgeller (level 7, -9/44 HPs)
             Began as a Gargoyle Fighter on Dec 18, 2020.
             Mangled by an ogre
             ... wielding a +0 giant club
              (13 damage)
             ... on level 5 of the Dungeon.
             The game lasted 00:04:10 (2727 turns).

Delamore the Cudgeller (Gargoyle Fighter)           Turns: 2727, Time: 00:04:10

Health: -9/44      AC: 15    Str: 21    XL:     7   Next: 15%
Magic:  7/7        EV:  5    Int:  9    God:
Gold:   171        SH:  9    Dex:  9    Spells: 6/6 levels left

rFire    . . .     SeeInvis .   a - +0 flail
rCold    . . .     Faith    .   c - +0 kite shield
rNeg     + . .     Spirit   .   n - +0 chain mail
rPois    ∞         Reflect  .   (no helmet)
rElec    +         Harm     .   (no cloak)
rCorr    .         Rampage  .   i - +0 pair of gloves
Will     .....                  (no boots)
Stlth    ..........             g - amulet of regeneration
HPRegen  0.54/turn              (no ring)
MPRegen  0.10/turn              (no ring)

@: no status effects
A: negative energy resistance 1, electricity resistance, unbreathing,
petrification resistance, miasma immunity, AC +4
a: no special abilities


You were on level 5 of the Dungeon.
You visited 1 branch of the dungeon, and saw 5 of its levels.

You collected 171 gold pieces.

Inventory:

Hand Weapons
 a - a +0 flail (weapon)
 v - a +2 whip of holy wrath
Armour
 b - a +0 scale mail
 c - a +0 kite shield (worn)
 i - a +0 pair of gloves (worn)
 n - a +0 chain mail (worn)
Jewellery
 g - an amulet of regeneration (around neck)
 u - an uncursed amulet of reflection
Wands
 e - a wand of iceblast (7)
 r - a wand of flame (9)
 t - a wand of random effects (19)
Scrolls
 f - 5 scrolls of remove curse {unknown}
 j - 2 scrolls of enchant armour
 k - 6 scrolls of teleportation {unknown}
 p - a scroll of blinking
 q - 2 scrolls of enchant weapon
Potions
 d - 2 potions of might
 h - 3 potions of curing
 l - a potion of flight
 m - a potion of brilliance
 s - a potion of berserk rage {unknown}
 w - a potion of magic {unknown}


   Skills:
 - Level 5.0 Fighting
 + Level 5.7 Maces & Flails
 - Level 3.2 Armour
 - Level 5.0 Shields


You had 6 spell levels left.
You didn't know any spells.
Your spell library was empty.

Dungeon Overview and Level Annotations

Branches:
Dungeon (5/15)
 Temple: D:4-7

Altars:
Ashenzari
Cheibriados
Hepliaklqana
Kikubaaqudgha
Vehumet
Wu Jian


Innate Abilities, Weirdness & Mutations

You are resistant to torment.
Your stone body is resilient. (AC +4)
You are immune to poison.
You resist negative energy. (rN+)
You are resistant to electric shocks. (rElec)
You can survive without breathing.
You are immune to petrification.
You are immune to miasma.


Message History

You feel much better. The ogre hits you with a +0 giant club.
You closely miss the ogre.
The ogre is moderately wounded.
The ogre hits you with a +0 giant club!
You barely miss the ogre.
The ogre is moderately wounded.
You block the ogre's attack.
You barely miss the ogre.
The ogre is moderately wounded.
The ogre hits you with a +0 giant club!!
* * * LOW HITPOINT WARNING * * *
You hit the ogre.
The ogre is heavily wounded.
You hit the ogre.
The ogre is heavily wounded.
The ogre hits you but does no damage.
Your chain mail prevents you from hitting the ogre.
The ogre is heavily wounded.
The ogre hits you with a +0 giant club!
You die...

#. .. #. .#+#### #.
......# #. #.....# #...
#. +.....# #....#.
#.....# #....#. #.....+
#....#. ###+##.@O..#
#...##.
#......###########...###
#......'.....#..........
#......#.....#..........
#......###..##..##...##.
#####'####+###'###...###
#....................#..
#....................#..
#....................#..


You could see an ogre.

Vanquished Creatures
  An ogre (D:4)
  A scorpion (D:4)
  An iguana (D:5)
  Natasha (thrice) (D:3)
  2 orc wizards (D:3)
  3 worker ants
  A howler monkey skeleton (D:4)
  4 adders
  An ooze (D:4)
  2 worms
  2 dart slugs (D:1)
  4 leopard geckos
  6 orcs
  A ball python (D:4)
  4 giant cockroaches
  3 goblins
  9 hobgoblins
  4 jackals
  3 quokkas
  9 bats
  3 frilled lizards
  6 kobolds
  A quokka skeleton (D:4)
  7 rats
81 creatures vanquished.

Vanquished Creatures (others)
  A hobgoblin (D:2)
  A frilled lizard (D:2)
  A goblin (D:2)
  5 plants (D:1)
8 creatures vanquished.

Grand Total: 89 creatures vanquished

Notes
Turn   | Place    | Note
-------+----------+-------------------------------------------
     0 | D:1      | Delamore the Gargoyle Fighter began the quest for the Orb.
     0 | D:1      | Reached XP level 1. HP: 14/14 MP: 1/1
   116 | D:1      | Reached XP level 2. HP: 19/19 MP: 2/2
   352 | D:1      | Reached XP level 3. HP: 24/24 MP: 3/3
   462 | D:2      | Found a radiant altar of Vehumet.
   483 | D:2      | Found a faded altar of an unknown god.
   733 | D:2      | Reached XP level 4. HP: 29/29 MP: 4/4
   738 | D:2      | Found a broken altar of Ashenzari.
   738 | D:2      | Found an ornate altar of the Wu Jian Council.
  1087 | D:3      | Reached XP level 5. HP: 34/34 MP: 5/5
  1411 | D:3      | Noticed Natasha
  1424 | D:3      | Killed Natasha
  1484 | D:3      | Noticed Natasha
  1488 | D:3      | Killed Natasha
  1501 | D:3      | Noticed Natasha
  1508 | D:3      | Killed Natasha
  1509 | D:3      | Reached XP level 6. HP: 40/40 MP: 6/6
  1998 | D:4      | Reached skill level 5 in Fighting
  1998 | D:4      | Reached skill level 5 in Shields
  2000 | D:4      | Found an ancient bone altar of Kikubaaqudgha.
  2019 | D:4      | Found a snail-covered altar of Cheibriados.
  2020 | D:4      | Found a hazy altar of Hepliaklqana.
  2201 | D:4      | Reached skill level 5 in Maces & Flails
  2364 | D:5      | Entered Level 5 of the Dungeon
  2469 | D:5      | Reached XP level 7. HP: 44/44 MP: 7/7
  2724 | D:5      | HP: 2/44 [ogre/+0 giant club (20)]
  2727 | D:5      | Mangled by an ogre

Illustrated notes

Levels and vault maps discovered:
D:1:      lightli_arrival_windingriver, layout_rooms
D:2:      layout_basic, fiery_altar_vehumet, gammafunk_temple_overflow_pools,
          chequers_ecumenical_altar_island, minmay_heptomino_o4
D:3:      cheibrodos_helix_gallery, layout_basic, serial_glass, glass_columns_b,
          glass_columns_c, uniq_natasha
D:4:      layout_basic, grunt_temple_overflow_holy_war, led_sif_pool,
          grunt_temple_overflow_open, chequers_big_river,
          kennysheep_generic_room_12
D:5:      layout_gridville, serial_shops, shop, roderic_roman_lattice

Skill      XL: |  1  2  3  4  5  6 |
---------------+-------------------+-----
Fighting       | 4 5 |  5.0
Shields        | 4 5 |  5.0
Maces & Flails | 3 5 |  5.7
Armour         | |  3.2

Action                   |  1- 3 |  4- 6 |  7- 9 || total
-------------------------+-------+-------+-------++-------
Melee: Flail             |   157 |   135 |    12 ||   304
       Whip              |       |    70 |    34 ||   104
  Use: Scroll            |       |     7 |       ||     7
       Potion            |       |       |     1 ||     1
Armor: Scale mail        |   102 |     7 |       ||   109
       Chain mail        |       |    97 |    10 ||   107
Dodge: Dodged            |    76 |    39 |     6 ||   121
Block: Kite shield       |   109 |    91 |    11 ||   211

Table legend: (Time is in decaauts)
 A = Elapsed time spent in this place.
 B = Non-inter-level travel time spent in this place.
 C = Inter-level travel time spent in this place.
 D = Time resting spent in this place.
 E = Time spent auto-exploring this place.
 F = Levels seen in this place.
 G = Mean time per level.
                   A        B        C        D        E       F      G
               +--------+--------+--------+--------+--------+-----+--------+
         Total |   2819 |   2710 |    109 |     17 |   1851 |   5 |  563.8 |
       Dungeon |   2819 |   2710 |    109 |     17 |   1851 |   5 |  563.8 |
               +--------+--------+--------+--------+--------+-----+--------+

Top non-repeatable levels by time:
     D:3: 986 daAuts
     D:2: 612 daAuts
     D:1: 462 daAuts
     D:4: 397 daAuts
     D:5: 359 daAuts
